 Dungeon Crawl Stone Soup version 0.20.1-1-g8b1a95d (webtiles) character file.

162 cochise the Cudgeler (level 5, -11/70 HPs)
             Began as a Minotaur Berserker on Sept 17, 2017.
             Was a Believer of Trog.
             Mangled by a two-headed ogre
             ... wielding a cursed -3 giant club
              (17 damage)
             ... on level 3 of the Dungeon.
             The game lasted 00:08:40 (1626 turns).

cochise the Cudgeler (Minotaur Berserker)           Turns: 1626, Time: 00:08:42

Health: -11/70     AC:  5    Str: 27    XL:     5   Next: 19%
Magic:  4/4        EV:  7    Int:  4    God:    Trog [**....]
Gold:   89         SH: 13    Dex: 10    Spells: 4/4 levels left

rFire    . . .     SeeInvis .   a - +0 mace
rCold    . . .     Gourm    .   e - +0 large shield
rNeg     . . .     Faith    .   n - +0 ring mail
rPois    +         Spirit   .   m - +0 hat
rElec    .         Reflect  .   (no cloak)
rCorr    +         Harm     .   (no gloves)
MR       ++...                  (no boots)
Stlth    ..........             (no amulet)
Regen    1.3/turn               g - ring of resist corrosion
MPRegen  0.1/turn               u - ring of poison resistance

@: berserking, regenerating, very quick
A: retaliatory headbutt, horns 2
a: Berserk, Trog's Hand, Burn Spellbooks, Renounce Religion


You were on level 3 of the Dungeon.
You worshipped Trog.
Trog was pleased with you.
You were very hungry.

You visited 1 branch of the dungeon, and saw 3 of its levels.

You collected 89 gold pieces.

Inventory:

Hand Weapons
 a - a +0 mace (weapon)
Armour
 e - a +0 large shield (worn)
 m - a +0 hat (worn)
 n - a +0 ring mail (worn)
Jewellery
 g - a ring of resist corrosion (left hand)
 u - a ring of poison resistance (right hand)
Wands
 r - a wand of digging (15/24)
Scrolls
 f - a scroll of amnesia {unknown}
 h - 3 scrolls of teleportation {unknown}
 k - 3 scrolls of identify {unknown}
 l - 2 scrolls of enchant armour {unknown}
 o - a scroll of immolation {unknown}
 v - a scroll of recharging {unknown}
 x - a scroll of remove curse {unknown}
 y - a scroll of noise {unknown}
Potions
 b - a potion of mutation {unknown}
 d - a potion of curing {unknown}
 i - 2 potions of haste {unknown}
 j - a potion of degeneration {unknown}
 q - a potion of heal wounds {unknown}
 t - a potion of flight {unknown}
Comestibles
 c - a bread ration
 p - 10 fruits
 s - a meat ration
 w - 2 chunks of flesh


   Skills:
 + Level 4.8 Fighting
 * Level 5.6 Maces & Flails
 + Level 3.2 Armour
 - Level 2.5 Dodging
 - Level 1.2 Shields


You had 4 spell levels left.
You didn't know any spells.

Dungeon Overview and Level Annotations

Branches:
Dungeon (3/15)

Altars:
Okawaru

Annotations:
D:3 Grinder


Innate Abilities, Weirdness & Mutations

You reflexively headbutt those who attack you in melee.
You have a pair of horns on your head.


Message History

You hit the two-headed ogre but do no damage.
The two-headed ogre hits you with a giant club!
You block the two-headed ogre's attack.
Your shield prevents you from hitting the two-headed ogre.
The two-headed ogre hits you with a giant club! x2
A red film seems to cover your vision as you go berserk!
You feel yourself moving faster!
You feel mighty!
You are feeling very hungry.
The two-headed ogre hits you with a giant club!
* * * LOW HITPOINT WARNING * * *
You block the two-headed ogre's attack.
You bludgeon the two-headed ogre!!
The two-headed ogre is moderately wounded.
Your shield and ring mail prevent you from hitting the two-headed ogre.
You headbutt the two-headed ogre.
The two-headed ogre is moderately wounded.
The two-headed ogre hits you with a giant club!
* * * LOW HITPOINT WARNING * * *
The two-headed ogre hits you with a giant club!
You die...

# ######## # #......# #
#......##### ##
#####..(.......########...#
'..............'@O5....>#
#####..........####.###.# #
#..........# #.# # #
#).........####.###.##...
#......†...#<.........5..
#..........####.##...#...
#......(...# #.. .......
#......###... ##. ...#.##
#......# .#.# .....# #


You could see a two-headed ogre and Grinder.

Vanquished Creatures
  An orc priest (D:2)
  An orc wizard (D:2)
  3 adders
  An ooze (D:2)
  3 worms
  2 dart slugs
  2 leopard geckos
  5 orcs (D:2)
  4 giant cockroaches
  4 hobgoblins
  2 jackals (D:1)
  7 kobolds
  A quokka (D:3)
  2 ball pythons
  6 bats (D:2)
  4 frilled lizards
  5 goblins
  5 rats
58 creatures vanquished.

Notes
Turn   | Place    | Note
-------+----------+-------------------------------------------
     0 | D:1      | cochise the Minotaur Berserker began the quest for the Orb.
     0 | D:1      | Reached XP level 1. HP: 19/19 MP: 0/0
   119 | D:1      | Reached skill level 4 in Maces & Flails
   157 | D:1      | Reached XP level 2. HP: 25/27 MP: 1/1
   558 | D:2      | Reached XP level 3. HP: 22/33 MP: 2/2
   962 | D:2      | Reached ** piety under Trog
   999 | D:2      | Reached XP level 4. HP: 41/41 MP: 3/3
  1000 | D:2      | Reached skill level 1 in Shields
  1020 | D:2      | Reached skill level 5 in Maces & Flails
  1318 | D:2      | Reached XP level 5. HP: 47/47 MP: 4/4
  1522 | D:3      | Found an iron altar of Okawaru.
  1607 | D:3      | Noticed Grinder
  1609 | D:3      | Noticed a two-headed ogre
  1626 | D:3      | Mangled by a two-headed ogre

Skill      XL: |  1  2  3  4 |
---------------+-------------+-----
Maces & Flails | 4 5 |  5.6
Fighting       | 4 |  4.8
Armour         | 3 |  3.2
Shields        | 1 |  1.2
Dodging        | |  2.5

Action                   |  1- 3 |  4- 6 || total
-------------------------+-------+-------++-------
Melee: Mace              |    91 |    59 ||   150
       Headbutt          |    14 |     8 ||    22
Invok: Trog's Hand       |       |     2 ||     2
       Berserk           |       |     1 ||     1
  Eat: Chunk             |       |     3 ||     3
Armor: Animal skin       |     6 |       ||     6
       Ring mail         |    33 |    13 ||    46
Dodge: Dodged            |    24 |    16 ||    40
Block: Large shield      |    58 |    34 ||    92
